 Dungeon Crawl Stone Soup version 0.16.0-18-g484a79e (webtiles) character file.

5112 Helmschank the Martial Artist (level 10, -3/71 HPs)
             Began as a Black Draconian Transmuter on Mar 22, 2015.
             Was a Believer of Fedhas (penitent).
             Succumbed to an orc warrior's poison
             ... on level 8 of the Dungeon on Mar 23, 2015.
             The game lasted 01:21:21 (13392 turns).

Helmschank the Martial Artist (DrTm)               Turns: 13392, Time: 01:21:21

Health: -3/71      AC:  2    Str: 12    XL:     10   Next: 32%
Magic:  19/21      EV: 19    Int: 17    God:    Fedhas [*]
Gold:   636        SH:  0    Dex: 17    Spells: 4 memorised, 8 levels left

rFire  . . .     SeeInvis .       - Unarmed
rCold  . . .     Clarity  .     (armour unavailable)
rNeg   . . .     SustAb   .     (shield currently unavailable)
rPois  x         Gourm    .     (helmet currently unavailable)
rElec  .         Spirit   .     (cloak currently unavailable)
rCorr  .         Warding  .     j - melded +1 pair of gloves (curse)
rMut   .         Stasis   .     q - melded +0 pair of boots (curse)
MR     +....                    (no amulet)
Stlth  ++........               (no ring)
                                e - ring of protection from magic (curse)

@: lethally poisoned (-3 -> -79), spider-form, somewhat resistant to hostile
enchantments, unstealthy
A: (breathe lightning), unfitting armour, (electricity resistance),
(cold-blooded), AC +7
a: End Transformation, Renounce Religion


You were on level 8 of the Dungeon.
You worshipped Fedhas.
Fedhas was demanding penance.
You were hungry.
You were a venomous arachnid creature.
You visited 2 branches of the dungeon, and saw 9 of its levels.
You also visited: Ossuary and Bailey.

You collected 636 gold pieces.

Inventory:

Missiles
 o - 32 poisoned needles
 s - 3 needles of sleeping
 w - 123 arrows
 E - 9 tomahawks (quivered)
 H - 40 tomahawks of returning
 U - 72 stones
Armour
 j - a cursed +1 pair of gloves (melded)
 q - a cursed +0 pair of boots (melded)
Jewellery
 e - a cursed ring of protection from magic (left front leg)
Magical devices
 t - a wand of slowing (29)
 u - a wand of disintegration (24)
 v - a wand of fireball (0)
 y - a wand of invisibility (0)
 C - a wand of frost (17)
 D - a wand of random effects (27)
Scrolls
 b - 2 scrolls of enchant armour
 f - 4 scrolls of remove curse
 h - 2 scrolls of enchant weapon
 l - 3 scrolls of amnesia
 n - 3 scrolls of teleportation
 p - 2 scrolls of identify
 G - a scroll of magic mapping
Potions
 g - 3 potions of curing
 k - 2 potions of degeneration {unknown}
 m - 4 potions of might
 r - 3 potions of invisibility
 x - 4 potions of berserk rage
 z - a potion of brilliance
 A - 3 potions of restore abilities
 B - 2 potions of flight
 F - a potion of cancellation {unknown}
Books
 d - a book of Changes

   Spells                             Type                      Level
   a - Beastly Appendage              Transmutation                1
   b - Sticks to Snakes               Transmutation                2
   c - Spider Form                    Transmutation/Poison         3
   d - Ice Form                       Ice/Transmutation            4
   e - Blade Hands                    Transmutation                5
Comestibles
 a - 8 bread rations
 c - 5 meat rations
 i - 5 beef jerkies


   Skills:
 - Level 1.1 Fighting
 - Level 1.7 Dodging
 - Level 10.4 Unarmed Combat
 + Level 4.5 Spellcasting
 * Level 9.8 Transmutations
 - Level 3.2 Ice Magic
 - Level 3.0 Poison Magic


You had 8 spell levels left.
You knew the following spells:

 Your Spells              Type           Power        Failure   Level  Hunger
a - Spider Form           Trmt/Pois      ####......   12%         3    ###....
s - Ice Form              Ice/Trmt       ####....     28%         4    ####...
w - Sticks to Snakes      Trmt           #####.....   3%          2    ##.....
z - Beastly Appendage     Trmt           #####.       3%          1    None


Dungeon Overview and Level Annotations

Branches:
Dungeon (8/15)             Temple (1/1) D:4
   Lair: D:8-11

Altars:
Ashenzari
Cheibriados
Dithmenos
Elyvilon
Fedhas
Gozag
Kikubaaqudgha
Makhleb
Nemelex Xobeh
Okawaru
Qazlal
Ru
Sif Muna
Trog
Vehumet
Xom
Yredelemnul
Zin
The Shining One

Shops:
D:7 *


Innate Abilities, Weirdness & Mutations

((You can breathe wild blasts of lightning.))
((Your glossy black scales are hard (AC +7).))
Your body does not fit into most forms of armour.
((You are resistant to electric shocks.))
((Your cold-blooded metabolism reacts poorly to cold.))


Message History

You bite the orc warrior!
The orc warrior is poisoned.
The orc warrior is moderately wounded.
You feel sick.
The orc warrior hits you with a trident of venom!!
You are lethally poisoned!
The orc misses you.
You hit the orc warrior but do no damage.
The orc warrior looks even sicker.
The orc warrior is moderately wounded.
You feel very sick.
The orc warrior hits you with a trident of venom!
* * * LOW HITPOINT WARNING * * *
You are more poisoned.
The orc misses you.
Unknown command.
* * * LOW HITPOINT WARNING * * *
You feel extremely sick. The orc warrior misses you.
You die...
Fedhas appreciates your contribution to the ecosystem.

.............# #...[...
.............# #........
.............# #.........
.........[[.# #.........#
............# #........# ##
............# #.......# #.
............# #...o..# ##.
........(.### #..o..# #..
#......#### ##s##### ##.#
#####.## ####..# ##..#
#.)#####.....## ##..##
##[##.........## ##).##
#.............## ##..#+..
#..............######..##...
#.................#...##....
#[.............##...###...._
##............#####...##....


You could see an orc warrior and an orc.

Vanquished Creatures
  The ghost of sugabear the Shield-Bearer, an experienced GrFi of Qazlal (D:8)
  Psyche (D:8)
  The ghost of Nychthemeron the Digger, an average TrEE (D:3)
  Grinder (D:6)
  A sky beast (D:8)
  6 orc warriors
  7 ogres
  2 centaurs (D:7)
  Sigmund (D:7)
  Duvessa (D:6)
  2 phantoms
  3 elf zombies (Ossuary)
  A gnoll sergeant (D:8)
  A scorpion (D:6)
  3 wights (D:7)
  2 crimson imps (D:7)
  Dowan (D:6)
  A giant frog skeleton (D:7)
  7 worker ants
  2 giant frog zombies
  3 orc priests
  5 orc wizards
  4 hounds
  An iguana (D:4)
  A quasit (D:6)
  Natasha (thrice) (D:3)
  4 big kobold zombies (Ossuary)
  A hound skeleton (D:6)
  3 mummies
  8 adders
  A worker ant zombie (D:5)
  6 gnolls
  4 shadow imps
  5 worms
  An adder zombie (Ossuary)
  An adder skeleton (D:4)
  3 giant geckos
  2 oozes
  37 orcs
  A bat zombie (D:6)
  15 goblins
  16 hobgoblins
  14 jackals
  2 ball pythons
  16 bats
  6 giant cockroaches
  11 giant newts
  13 hobgoblin zombies (Ossuary)
  27 kobolds
  6 kobold zombies (Ossuary)
  9 orc zombies (Ossuary)
  7 quokkas
  13 rats
  A rat zombie (Ossuary)
295 creatures vanquished.

Vanquished Creatures (collateral kills)
  An orc knight (Bailey)
  2 orc warriors (Bailey)
  A gnoll (Bailey)
  3 kobolds (Bailey)
7 creatures vanquished.

Vanquished Creatures (others)
  A wandering mushroom (Bailey)
  A necrophage (D:8)
  100 toadstools
102 creatures vanquished.

Grand Total: 404 creatures vanquished

Notes
Turn   | Place    | Note
--------------------------------------------------------------
     0 | D:1      | Helmschank, the Draconian Transmuter, began the quest for the Orb.
     0 | D:1      | Reached XP level 1. HP: 16/16 MP: 3/3
   262 | D:1      | Reached XP level 2. HP: 20/23 MP: 4/4
   761 | D:1      | Reached skill level 4 in Unarmed Combat
  1199 | D:1      | Reached XP level 3. HP: 28/28 MP: 6/6
  1203 | D:1      | Learned a level 2 spell: Sticks to Snakes
  1207 | D:1      | Learned a level 3 spell: Spider Form
  1465 | D:2      | Found a shattered altar of Ashenzari.
  1514 | D:2      | Reached skill level 1 in Poison Magic
  2066 | D:2      | Reached XP level 4. HP: 35/35 MP: 7/7
  2188 | D:3      | Noticed Natasha
  2535 | D:3      | Killed Natasha
  2889 | D:3      | Reached XP level 5. HP: 8/40 MP: 6/9
  3365 | D:3      | Noticed Nychthemeron's ghost (average TrEE)
  3766 | D:3      | Killed Nychthemeron's ghost
  3766 | D:3      | Reached skill level 5 in Transmutations
  3766 | D:3      | Reached XP level 6. HP: 15/47 MP: 3/10
  4337 | D:3      | Noticed Natasha
  4347 | D:3      | Killed Natasha
  4680 | D:3      | Noticed Natasha
  4687 | D:3      | Killed Natasha
  4862 | D:4      | Reached skill level 6 in Transmutations
  4862 | D:4      | Your scales start taking on a glossy black colour.
  4862 | D:4      | Gained mutation: You are resistant to electric shocks. [draconian maturity]
  4862 | D:4      | Reached XP level 7. HP: 52/52 MP: 10/13
  4868 | D:4      | Learned a level 4 spell: Ice Form
  5057 | D:4      | Found a staircase to the Ecumenical Temple.
  5063 | Temple   | Entered the Ecumenical Temple
  5131 | Temple   | Became a worshipper of Fedhas Madash
  6094 | D:5      | Entered Level 5 of the Dungeon
  6692 | D:5      | Reached skill level 5 in Unarmed Combat
  7706 | D:6      | Found a sand-covered staircase.
  7806 | Ossuary  | Entered an ossuary
  8001 | Ossuary  | Reached XP level 8. HP: 47/59 MP: 13/15
  8121 | Ossuary  | Reached skill level 7 in Unarmed Combat
  8504 | D:6      | Noticed Duvessa
  8505 | D:6      | Noticed Dowan
  8511 | D:6      | Killed Duvessa
  8511 | D:6      | Reached skill level 8 in Unarmed Combat
  8623 | D:6      | Killed Dowan
  8714 | D:6      | Found a glowing silver altar of Zin.
  8784 | D:6      | Noticed Grinder
  8788 | D:6      | Paralysed by something for 5 turns
  9353 | D:6      | Paralysed by something for 6 turns
  9361 | D:6      | Paralysed by something for 4 turns
  9613 | D:6      | Killed Grinder
  9613 | D:6      | Reached skill level 9 in Unarmed Combat
  9820 | D:7      | Found a shattered altar of Ashenzari.
  9825 | D:7      | Noticed Sigmund
  9839 | D:7      | Killed Sigmund
 10155 | D:6      | Reached XP level 9. HP: 53/64 MP: 14/16
 10289 | D:7      | Reached skill level 10 in Unarmed Combat
 10697 | D:7      | Found Zin's Purification Station.
 10730 | D:7      | Reached skill level 1 in Ice Magic
 10732 | D:7      | Acquired Fedhas' first power
 10834 | D:7      | Found a glowing silver altar of Zin.
 10943 | D:7      | Found a bloodstained altar of Trog.
 11662 | D:8      | Found a snail-covered altar of Cheibriados.
 11665 | D:8      | Noticed Psyche
 11689 | D:8      | Killed Psyche
 11731 | D:8      | Found an ancient bone altar of Kikubaaqudgha.
 11732 | D:8      | Found a stormy altar of Qazlal.
 11733 | D:8      | Found a deep blue altar of Sif Muna.
 11930 | D:8      | Noticed sugabear's ghost (experienced GrFi)
 11944 | D:8      | Killed sugabear's ghost
 11944 | D:8      | Reached XP level 10. HP: 36/71 MP: 7/20
 12016 | D:8      | Acquired Fedhas' second power
 12064 | D:8      | Found a glowing golden altar of the Shining One.
 12272 | D:8      | Found a flagged portal.
 12285 | Bailey   | Entered a bailey
 12342 | Bailey   | Noticed an orc knight
 12466 | Bailey   | Killed an orc knight
 13058 | Bailey   | Was placed under penance by Fedhas
 13391 | D:8      | HP: 3/71 [poisoned by an orc warrior]
 13392 | D:8      | Succumbed to an orc warrior's poison

Action                   |  1- 3 |  4- 6 |  7- 9 | 10-12 || total
-------------------------+-------+-------+-------+-------++-------
Melee: Unarmed           |   169 |   259 |   723 |    90 ||  1241
Throw: Stone             |    36 |    11 |    31 |       ||    78
       Tomahawk          |       |       |    10 |     3 ||    13
 Cast: Beastly Appendage |     1 |     8 |    32 |     1 ||    42
       Spider Form       |       |     8 |    23 |    14 ||    45
       Sticks to Snakes  |       |     6 |       |       ||     6
       Ice Form          |       |       |     1 |       ||     1
Invok: Evolution         |       |       |       |     2 ||     2
 Abil: Breathe Lightning |       |       |       |     1 ||     1
Evoke: Wand              |       |       |       |     4 ||     4
  Use: Scroll            |       |       |    19 |       ||    19
       Potion            |       |       |     1 |     2 ||     3
 Stab: Sleeping          |     1 |       |       |       ||     1
       Distracted        |       |     3 |       |       ||     3
  Eat: Chunk             |     4 |     6 |    18 |     3 ||    31
       Meat ration       |       |     1 |     1 |       ||     2
       Pizza             |       |       |     2 |       ||     2
       Beef jerky        |       |       |       |     2 ||     2
